[ AOE2 MATCH · #457250531 ]
Team RMShu vs Vietnamese
[ REPLAY ANALYSIS · EXTRACTED FROM THE RECORDED GAME ]
Feudal
—
Castle
—
Imperial
—
| APM avg | 20.6 |
| APM peak | 161 |
| eAPM avg | 17.9 |
| Villagers / military | 161 / 207 |
Focus
⚔️ 20.1% · 🌾 79.9%
Spearman ×94 · Archer ×87 · Unknown (1959) ×31 · Militia ×23 · Trade Cart ×6 · Mangonel ×2
Feudal
—
Castle
—
Imperial
—
| APM avg | 15.8 |
| APM peak | 49 |
| eAPM avg | 12.1 |
| Villagers / military | 211 / 187 |
Focus
⚔️ 37.8% · 🌾 62.2%
Konnik ×173 · Fishing Ship ×71 · Trebuchet (Packed) ×12 · Scout Cavalry ×2
Feudal
—
Castle
—
Imperial
—
| APM avg | 16.2 |
| APM peak | 49 |
| eAPM avg | 8.6 |
| Villagers / military | 100 / 371 |
Focus
⚔️ 43.5% · 🌾 56.5%
Gbeto ×296 · Militia ×34 · Spearman ×29 · Trade Cart ×12 · Battering Ram ×11 · Fishing Ship ×4
Feudal
—
Castle
—
Imperial
—
| APM avg | 12.9 |
| APM peak | 43 |
| eAPM avg | 9.8 |
| Villagers / military | 209 / 19 |
Focus
⚔️ 12.4% · 🌾 87.6%
Fishing Ship ×17 · Mangonel ×9 · Spearman ×5 · Monk ×4 · Demolition Raft ×1
Feudal
—
Castle
—
Imperial
—
| APM avg | 19.8 |
| APM peak | 56 |
| eAPM avg | 11.9 |
| Villagers / military | 185 / 146 |
Focus
⚔️ 28.8% · 🌾 71.2%
Knight ×45 · Spearman ×31 · Skirmisher ×30 · Fishing Ship ×30 · Rattan Archer ×20 · Scout Cavalry ×10
Feudal
—
Castle
—
Imperial
—
| APM avg | 14.6 |
| APM peak | 38 |
| eAPM avg | 8.4 |
| Villagers / military | 58 / 369 |
Focus
⚔️ 45.0% · 🌾 55.0%
Urumi Swordsman ×245 · Archer ×95 · Fishing Ship ×31 · Trade Cog ×20 · Bombard Cannon ×12 · Unknown (1750) ×8
Feudal
—
Castle
—
Imperial
—
| APM avg | 2.9 |
| APM peak | 66 |
| eAPM avg | 1.4 |
| Villagers / military | 16 / 2 |
Focus
⚔️ 35.1% · 🌾 64.9%
Fishing Ship ×8 · Unknown (2626) ×3 · Transport Ship ×2
Feudal
—
Castle
—
Imperial
—
| APM avg | 18.1 |
| APM peak | 45 |
| eAPM avg | 8.9 |
| Villagers / military | 107 / 26 |
Focus
⚔️ 23.4% · 🌾 76.6%
Unknown (2579) ×138 · Petard ×23 · Unknown (2582) ×5 · Battering Ram ×2 · Monk ×1 · Unknown (2550) ×1
Match map
Initial resources + every placement click. Lines = walls · curves = elevation contours. ◆ gold · ⬟ stone · ● berries · ✦ relic · ◌ wall gap
Inputs per minute
— SkilzDatKilz845 - - superpandaby
Build order — SkilzDatKilz845
First 150 of 434 actions detected
| 5:08 | Build | Town Center |
| 6:30 | Research | Loom |
| 6:31 | Create | Villager (Male) ×4 |
| 6:47 | Build | House |
| 7:15 | Create | Villager (Male) |
| 8:11 | Build | House |
| 8:13 | Build | House |
| 8:17 | Build | House |
| 8:18 | Build | House |
| 8:22 | Create | Villager (Male) |
| 8:22 | Create | Villager (Male) |
| 8:22 | Create | Villager (Male) |
| 8:43 | Create | Villager (Male) |
| 8:44 | Create | Villager (Male) |
| 9:35 | Create | Villager (Male) |
| 9:35 | Create | Villager (Male) |
| 9:36 | Create | Villager (Male) |
| 9:49 | Build | House |
| 9:51 | Build | House |
| 9:55 | Build | House |
| 10:05 | Build | House |
| 10:17 | Build | House |
| 10:22 | Create | Villager (Male) |
| 10:22 | Create | Villager (Male) |
| 10:54 | Create | Villager (Male) |
| 11:28 | Build | Mill |
| 11:42 | Create | Villager (Male) |
| 12:32 | Build | Barracks |
| 12:50 | Create | Villager (Male) |
| 12:50 | Create | Villager (Male) |
| 13:35 | Build | Farm |
| 14:24 | Create | Villager (Male) |
| 14:37 | Build | Barracks |
| 14:44 | Build | House |
| 14:50 | Build | House |
| 14:52 | Build | House |
| 14:57 | Create | Villager (Male) |
| 15:22 | Build | Mill |
| 15:35 | Create | Villager (Male) |
| 15:36 | Create | Villager (Male) |
| 15:40 | Create | Militia |
| 15:40 | Create | Militia |
| 15:58 | Build | Farm |
| 16:03 | Build | Farm |
| 16:03 | Build | Farm |
| 16:05 | Build | Farm |
| 16:07 | Build | Farm |
| 16:11 | Create | Villager (Male) |
| 16:12 | Create | Villager (Male) |
| 16:12 | Create | Villager (Male) |
| 16:12 | Create | Villager (Male) |
| 17:17 | Research | Feudal Age |
| 18:01 | Build | House |
| 18:04 | Build | House |
| 18:08 | Build | House |
| 18:10 | Build | House |
| 18:41 | Create | Villager (Male) |
| 18:41 | Create | Villager (Male) |
| 18:41 | Create | Villager (Male) |
| 18:48 | Create | Militia |
| 18:48 | Create | Militia |
| 20:12 | Create | Spearman ×5 |
| 20:46 | Create | Villager (Male) |
| 20:46 | Create | Villager (Male) |
| 20:47 | Create | Villager (Male) |
| 21:10 | Build | Farm |
| 21:10 | Build | Farm |
| 21:10 | Build | Farm |
| 21:11 | Build | Farm |
| 21:11 | Build | Farm |
| 21:11 | Build | Farm |
| 21:12 | Build | Farm |
| 21:13 | Build | Farm |
| 22:22 | Build | House |
| 23:04 | Build | Stone Wall |
| 23:09 | Build | Building 487 |
| 23:33 | Create | Villager (Male) ×5 |
| 23:46 | Build | Blacksmith |
| 24:55 | Build | Mill |
| 25:03 | Build | Mill |
| 25:47 | Build | Farm |
| 26:02 | Create | Spearman ×2 |
| 26:43 | Build | Stone Wall |
| 26:47 | Build | Stone Wall |
| 26:53 | Build | Farm |
| 26:58 | Create | Villager (Male) ×5 |
| 27:57 | Create | Villager (Male) ×5 |
| 28:16 | Build | Market |
| 28:27 | Build | Archery Range |
| 28:29 | Build | Archery Range |
| 28:30 | Build | Archery Range |
| 29:09 | Build | Mining Camp |
| 29:16 | Build | Mining Camp |
| 29:28 | Build | Lumber Camp |
| 29:50 | Research | Castle Age |
| 30:29 | Build | Archery Range |
| 30:35 | Build | Archery Range |
| 30:43 | Research | Arson |
| 30:45 | Create | Spearman ×5 |
| 31:20 | Create | Villager (Male) ×5 |
| 31:45 | Build | Lumber Camp |
| 31:58 | Build | Archery Range |
| 32:16 | Research | Scale Mail Armor |
| 32:17 | Research | Forging |
| 32:20 | Research | Fletching |
| 32:22 | Research | Padded Archer Armor |
| 32:32 | Research | Pikeman (upgrade) |
| 32:34 | Research | Gambesons |
| 32:35 | Research | Squires |
| 32:52 | Build | Town Center |
| 33:14 | Research | Horse Collar |
| 33:51 | Build | Castle |
| 34:05 | Research | Crossbowman (upgrade) |
| 34:07 | Create | Archer ×3 |
| 34:50 | Build | Archery Range |
| 34:59 | Build | Archery Range |
| 36:53 | Build | Castle |
| 37:17 | Create | Archer ×5 |
| 37:17 | Create | Archer ×5 |
| 37:55 | Build | Mining Camp |
| 38:31 | Build | Mining Camp |
| 38:45 | Create | Villager (Male) ×5 |
| 38:46 | Create | Villager (Male) ×5 |
| 39:15 | Create | Spearman ×5 |
| 39:16 | Create | Spearman ×5 |
| 39:24 | Create | Unit 1959 ×3 |
| 39:24 | Create | Unit 1959 ×3 |
| 40:03 | Create | Archer ×5 |
| 40:03 | Create | Archer ×5 |
| 40:03 | Create | Archer ×5 |
| 40:17 | Research | Bodkin Arrow |
| 41:15 | Build | Building 487 |
| 41:28 | Create | Unit 1959 ×4 |
| 41:39 | Create | Villager (Male) |
| 41:53 | Build | Town Center |
| 42:24 | Create | Unit 1959 ×2 |
| 42:38 | Build | Siege Workshop |
| 44:02 | Build | University |
| 44:12 | Build | Castle |
| 44:23 | Research | Tech 1070 |
| 44:25 | Create | Unit 1959 |
| 44:36 | Create | Archer ×5 |
| 44:37 | Create | Archer |
| 44:42 | Create | Villager (Male) |
| 44:58 | Create | Villager (Male) |
| 44:58 | Create | Villager (Male) |
| 45:39 | Create | Battering Ram |
| 46:44 | Create | Spearman ×5 |
| 46:44 | Create | Spearman ×5 |
| 48:02 | Create | Unit 1959 ×5 |
Build order — superpandaby
First 150 of 592 actions detected
| 0:12 | Build | House |
| 1:54 | Build | Dock |
| 2:16 | Build | Town Center |
| 2:39 | Build | House |
| 3:22 | Create | Villager (Male) |
| 3:22 | Create | Villager (Male) |
| 3:23 | Create | Villager (Male) |
| 3:23 | Create | Villager (Male) |
| 3:23 | Create | Villager (Male) |
| 4:17 | Build | House |
| 4:36 | Create | Villager (Male) |
| 4:36 | Create | Villager (Male) |
| 4:51 | Create | Fishing Ship |
| 4:51 | Create | Fishing Ship |
| 5:18 | Create | Villager (Male) |
| 5:18 | Create | Villager (Male) |
| 5:41 | Create | Fishing Ship |
| 5:48 | Create | Villager (Male) |
| 6:06 | Create | Fishing Ship |
| 6:06 | Create | Fishing Ship |
| 6:18 | Create | Villager (Male) |
| 6:19 | Create | Villager (Male) |
| 6:48 | Create | Villager (Male) |
| 6:48 | Create | Villager (Male) |
| 7:06 | Create | Villager (Male) |
| 7:14 | Create | Fishing Ship |
| 7:14 | Create | Fishing Ship |
| 7:14 | Create | Fishing Ship |
| 7:15 | Create | Fishing Ship |
| 7:28 | Build | House |
| 7:34 | Build | House |
| 7:40 | Create | Villager (Male) |
| 7:40 | Create | Villager (Male) |
| 8:16 | Build | Dock |
| 8:22 | Create | Villager (Male) |
| 8:22 | Create | Villager (Male) |
| 8:23 | Create | Villager (Male) |
| 8:23 | Create | Villager (Male) |
| 8:59 | Build | Lumber Camp |
| 9:10 | Create | Fishing Ship |
| 9:11 | Create | Fishing Ship |
| 9:19 | Build | House |
| 9:24 | Build | House |
| 9:45 | Create | Fishing Ship |
| 9:45 | Create | Fishing Ship |
| 9:51 | Create | Fishing Ship |
| 10:22 | Build | Dock |
| 10:26 | Create | Villager (Male) |
| 10:26 | Create | Villager (Male) |
| 10:26 | Create | Villager (Male) |
| 10:40 | Create | Fishing Ship |
| 10:48 | Build | House |
| 10:51 | Build | House |
| 11:03 | Build | House |
| 11:09 | Build | House |
| 11:13 | Build | House |
| 11:16 | Build | House |
| 11:21 | Build | House |
| 11:28 | Create | Fishing Ship |
| 11:28 | Create | Fishing Ship |
| 11:45 | Create | Fishing Ship |
| 11:45 | Create | Fishing Ship |
| 11:55 | Create | Villager (Male) |
| 11:55 | Create | Villager (Male) |
| 12:18 | Build | Barracks |
| 12:43 | Create | Fishing Ship |
| 12:46 | Create | Fishing Ship |
| 12:54 | Create | Fishing Ship |
| 13:04 | Create | Villager (Male) |
| 13:04 | Create | Villager (Male) |
| 13:58 | Research | Feudal Age |
| 14:05 | Create | Fishing Ship |
| 14:05 | Create | Fishing Ship |
| 14:08 | Create | Fishing Ship |
| 14:08 | Create | Fishing Ship |
| 14:13 | Create | Fishing Ship |
| 14:14 | Create | Fishing Ship |
| 14:28 | Build | Mining Camp |
| 14:56 | Create | Fishing Ship |
| 14:57 | Create | Fishing Ship |
| 15:00 | Create | Fishing Ship |
| 15:46 | Create | Villager (Male) |
| 15:47 | Create | Villager (Male) |
| 16:13 | Build | Stable |
| 16:23 | Create | Fishing Ship |
| 16:23 | Create | Fishing Ship |
| 16:29 | Create | Fishing Ship |
| 16:29 | Create | Fishing Ship |
| 16:34 | Create | Fishing Ship |
| 16:34 | Create | Fishing Ship |
| 16:46 | Research | Double-Bit Axe |
| 17:05 | Build | Blacksmith |
| 17:08 | Create | Scout Cavalry |
| 17:14 | Create | Scout Cavalry |
| 17:19 | Create | Villager (Male) |
| 17:19 | Create | Villager (Male) |
| 17:20 | Create | Villager (Male) |
| 17:29 | Create | Fishing Ship |
| 17:34 | Create | Fishing Ship |
| 17:57 | Research | Castle Age |
| 18:06 | Research | Scale Barding Armor |
| 18:44 | Create | Fishing Ship |
| 18:45 | Create | Fishing Ship |
| 18:45 | Create | Fishing Ship |
| 18:48 | Create | Fishing Ship |
| 18:48 | Create | Fishing Ship |
| 18:48 | Create | Fishing Ship |
| 18:59 | Research | Stone Mining |
| 19:02 | Research | Gold Mining |
| 19:09 | Research | Bloodlines |
| 19:11 | Research | Forging |
| 19:49 | Create | Fishing Ship |
| 19:49 | Create | Fishing Ship |
| 19:53 | Create | Fishing Ship |
| 19:53 | Create | Fishing Ship |
| 20:58 | Build | Krepost |
| 21:02 | Create | Villager (Male) |
| 21:02 | Create | Villager (Male) |
| 21:02 | Create | Villager (Male) |
| 21:03 | Create | Villager (Male) |
| 21:03 | Create | Villager (Male) |
| 21:03 | Create | Villager (Male) |
| 21:14 | Research | Bow Saw |
| 21:19 | Create | Fishing Ship |
| 21:19 | Create | Fishing Ship |
| 21:25 | Create | Fishing Ship |
| 21:25 | Create | Fishing Ship |
| 21:56 | Research | Husbandry |
| 21:59 | Research | Fletching |
| 22:00 | Research | Chain Barding Armor |
| 22:04 | Research | Arson |
| 22:05 | Research | Squires |
| 22:05 | Research | Gambesons |
| 22:18 | Build | University |
| 22:47 | Build | Town Center |
| 22:53 | Create | Villager (Male) |
| 22:54 | Create | Villager (Male) |
| 22:54 | Create | Villager (Male) |
| 22:54 | Create | Villager (Male) |
| 23:31 | Research | Stone Shaft Mining |
| 23:32 | Research | Gold Shaft Mining |
| 24:05 | Research | Ballistics |
| 24:06 | Research | Murder Holes |
| 24:07 | Research | Masonry |
| 24:21 | Build | Krepost |
| 24:26 | Create | Villager (Male) |
| 24:26 | Create | Villager (Male) |
| 24:26 | Create | Villager (Male) |
| 24:26 | Create | Villager (Male) |
| 24:33 | Create | Konnik |
Build order — Zalehov9
First 150 of 311 actions detected
| 3:42 | Build | Town Center |
| 4:50 | Create | Villager (Male) ×4 |
| 4:50 | Create | Villager (Male) ×4 |
| 5:13 | Build | Mill |
| 6:02 | Build | House |
| 6:08 | Build | House |
| 6:39 | Research | Loom |
| 6:39 | Create | Villager (Male) ×5 |
| 7:19 | Build | Barracks |
| 8:14 | Create | Villager (Male) ×5 |
| 8:43 | Build | Outpost |
| 8:49 | Build | Building 796 |
| 8:54 | Build | House |
| 9:12 | Create | Villager (Male) ×3 |
| 9:56 | Build | Lumber Camp |
| 10:42 | Build | Lumber Camp |
| 10:50 | Create | Villager (Male) |
| 11:01 | Build | House |
| 11:06 | Build | Farm |
| 11:26 | Build | House |
| 11:40 | Build | Palisade Wall |
| 11:45 | Build | Building 804 |
| 11:59 | Build | House |
| 12:19 | Create | Villager (Male) |
| 12:45 | Build | Mill |
| 13:24 | Research | Feudal Age |
| 13:50 | Build | Dock |
| 14:01 | Build | Mill |
| 14:40 | Create | Fishing Ship |
| 14:41 | Create | Fishing Ship |
| 14:50 | Create | Militia ×5 |
| 15:12 | Build | Farm |
| 15:12 | Build | Farm |
| 16:01 | Create | Villager (Male) |
| 16:01 | Create | Villager (Male) |
| 16:01 | Create | Villager (Male) |
| 16:01 | Create | Villager (Male) |
| 16:02 | Create | Villager (Male) |
| 16:02 | Create | Villager (Male) |
| 16:03 | Create | Villager (Male) |
| 17:14 | Research | Double-Bit Axe |
| 17:16 | Research | Horse Collar |
| 17:37 | Build | Blacksmith |
| 17:53 | Build | Market |
| 19:07 | Build | Watch Tower |
| 19:11 | Build | Mill |
| 19:23 | Research | Man-at-Arms (upgrade) |
| 19:28 | Research | Arson |
| 19:31 | Create | Militia ×5 |
| 22:01 | Build | Barracks |
| 22:05 | Build | Barracks |
| 22:19 | Research | Scale Mail Armor |
| 22:20 | Research | Forging |
| 22:20 | Research | Fletching |
| 22:24 | Research | Town Watch |
| 22:24 | Research | Wheelbarrow |
| 22:28 | Create | Villager (Male) ×5 |
| 22:37 | Build | Farm |
| 22:38 | Build | Farm |
| 22:39 | Build | Farm |
| 22:40 | Build | Farm |
| 22:41 | Build | Farm |
| 22:41 | Build | Farm |
| 22:42 | Build | Farm |
| 22:49 | Create | Militia ×4 |
| 22:59 | Create | Spearman |
| 22:59 | Create | Spearman |
| 23:51 | Build | Watch Tower |
| 24:00 | Create | Villager (Male) ×5 |
| 24:17 | Create | Militia ×5 |
| 26:00 | Build | Mining Camp |
| 26:40 | Research | Castle Age |
| 29:28 | Research | Long Swordsman (upgrade) |
| 29:31 | Research | Squires |
| 30:16 | Build | Siege Workshop |
| 30:22 | Build | Siege Workshop |
| 30:30 | Build | Mining Camp |
| 30:33 | Research | Chain Mail Armor |
| 30:34 | Research | Bodkin Arrow |
| 30:34 | Research | Iron Casting |
| 31:41 | Create | Villager (Male) ×5 |
| 31:46 | Build | Town Center |
| 31:49 | Build | Farm |
| 31:50 | Build | Farm |
| 31:50 | Build | Farm |
| 31:51 | Build | Farm |
| 31:52 | Build | Farm |
| 31:52 | Build | Farm |
| 32:25 | Build | Castle |
| 32:49 | Create | Militia ×5 |
| 32:53 | Create | Militia ×5 |
| 32:56 | Create | Militia ×5 |
| 33:43 | Create | Gbeto ×3 |
| 33:43 | Create | Gbeto ×3 |
| 34:11 | Build | Farm |
| 34:12 | Build | Farm |
| 34:12 | Build | Farm |
| 34:13 | Build | Farm |
| 34:15 | Build | Farm |
| 34:50 | Create | Battering Ram |
| 34:51 | Create | Battering Ram |
| 36:41 | Build | University |
| 36:45 | Build | Monastery |
| 36:51 | Build | Farm |
| 36:52 | Build | Farm |
| 36:52 | Build | Farm |
| 37:33 | Create | Gbeto ×5 |
| 37:33 | Create | Gbeto ×5 |
| 37:34 | Create | Gbeto ×5 |
| 37:34 | Create | Gbeto ×5 |
| 38:42 | Build | Lumber Camp |
| 38:49 | Research | Murder Holes |
| 39:06 | Create | Gbeto ×5 |
| 39:06 | Create | Gbeto ×5 |
| 39:21 | Create | Villager (Male) ×5 |
| 39:21 | Create | Villager (Male) ×5 |
| 39:28 | Create | Villager (Male) ×5 |
| 39:29 | Create | Villager (Male) ×5 |
| 40:39 | Create | Battering Ram |
| 40:40 | Create | Battering Ram |
| 40:42 | Create | Battering Ram |
| 40:43 | Create | Battering Ram |
| 40:51 | Create | Villager (Male) ×5 |
| 40:54 | Create | Villager (Male) ×5 |
| 41:02 | Build | Farm |
| 41:03 | Build | Farm |
| 41:04 | Build | Farm |
| 41:05 | Build | Farm |
| 41:48 | Build | Mining Camp |
| 42:02 | Create | Villager (Male) ×5 |
| 42:03 | Create | Villager (Male) ×5 |
| 42:19 | Research | Pikeman (upgrade) |
| 42:20 | Create | Spearman ×5 |
| 42:21 | Create | Spearman ×5 |
| 42:53 | Build | Stone Wall |
| 43:00 | Build | Stone Wall |
| 44:02 | Create | Battering Ram |
| 44:02 | Create | Battering Ram |
| 44:03 | Create | Battering Ram |
| 44:27 | Build | Mining Camp |
| 44:52 | Build | Mining Camp |
| 45:13 | Create | Gbeto ×5 |
| 45:14 | Create | Gbeto ×5 |
| 45:14 | Create | Gbeto ×5 |
| 45:14 | Create | Gbeto ×5 |
| 45:28 | Build | Farm |
| 45:31 | Build | Farm |
| 45:32 | Build | Farm |
| 45:57 | Create | Spearman ×5 |
| 45:58 | Create | Spearman ×5 |
Build order — Jaereg
First 150 of 414 actions detected
| 4:37 | Build | Town Center |
| 5:35 | Create | Villager (Male) ×4 |
| 5:39 | Build | House |
| 5:48 | Build | House |
| 5:50 | Build | House |
| 6:15 | Build | House |
| 6:20 | Build | House |
| 6:23 | Build | House |
| 6:50 | Create | Villager (Male) |
| 6:51 | Create | Villager (Male) |
| 7:37 | Create | Villager (Male) |
| 7:38 | Create | Villager (Male) |
| 7:38 | Create | Villager (Male) |
| 7:47 | Build | Dock |
| 7:51 | Build | Dock |
| 8:04 | Create | Villager (Male) |
| 8:19 | Create | Fishing Ship |
| 8:26 | Create | Villager (Male) |
| 8:42 | Create | Villager (Male) |
| 9:22 | Create | Fishing Ship |
| 9:44 | Create | Villager (Male) |
| 9:44 | Create | Villager (Male) |
| 9:44 | Create | Villager (Male) |
| 10:10 | Create | Villager (Male) |
| 11:13 | Create | Villager (Male) |
| 11:14 | Create | Villager (Male) |
| 11:32 | Create | Villager (Male) |
| 11:32 | Create | Villager (Male) |
| 11:36 | Create | Fishing Ship |
| 11:36 | Create | Fishing Ship |
| 11:37 | Create | Fishing Ship |
| 12:04 | Create | Fishing Ship |
| 12:08 | Build | Dock |
| 12:22 | Create | Villager (Male) |
| 12:23 | Create | Villager (Male) |
| 12:23 | Create | Villager (Male) |
| 12:23 | Create | Villager (Male) |
| 12:23 | Create | Villager (Male) |
| 13:19 | Create | Villager (Male) |
| 13:19 | Create | Villager (Male) |
| 13:19 | Create | Villager (Male) |
| 13:20 | Create | Villager (Male) |
| 13:30 | Create | Fishing Ship |
| 13:33 | Create | Fishing Ship |
| 13:33 | Create | Fishing Ship |
| 13:59 | Build | Mill |
| 14:07 | Create | Villager (Male) |
| 14:07 | Create | Villager (Male) |
| 14:07 | Create | Villager (Male) |
| 14:07 | Create | Villager (Male) |
| 14:43 | Create | Villager (Male) |
| 14:43 | Create | Villager (Male) |
| 14:43 | Create | Villager (Male) |
| 14:46 | Create | Fishing Ship |
| 14:46 | Create | Fishing Ship |
| 15:01 | Build | House |
| 15:03 | Build | House |
| 15:39 | Create | Villager (Male) |
| 16:17 | Research | Feudal Age |
| 16:48 | Create | Villager (Male) |
| 16:48 | Create | Villager (Male) |
| 16:48 | Create | Villager (Male) |
| 16:52 | Create | Fishing Ship |
| 16:53 | Create | Fishing Ship |
| 17:32 | Create | Villager (Male) |
| 17:32 | Create | Villager (Male) |
| 17:32 | Create | Villager (Male) |
| 17:33 | Create | Villager (Male) |
| 17:49 | Build | Mill |
| 17:55 | Create | Fishing Ship |
| 17:56 | Create | Fishing Ship |
| 17:56 | Create | Fishing Ship |
| 17:56 | Create | Fishing Ship |
| 18:17 | Build | House |
| 18:18 | Build | House |
| 18:19 | Build | House |
| 18:22 | Build | House |
| 18:23 | Build | House |
| 18:27 | Build | House |
| 18:28 | Build | House |
| 18:30 | Build | House |
| 18:32 | Build | Mining Camp |
| 18:52 | Create | Villager (Male) |
| 18:54 | Research | Wheelbarrow |
| 19:26 | Create | Villager (Male) |
| 19:26 | Create | Villager (Male) |
| 19:50 | Build | Barracks |
| 20:11 | Build | Market |
| 20:25 | Build | Barracks |
| 20:38 | Build | Farm |
| 20:39 | Build | Farm |
| 20:39 | Build | Farm |
| 20:39 | Build | Farm |
| 20:40 | Build | Farm |
| 20:40 | Build | Farm |
| 20:41 | Build | Farm |
| 20:41 | Build | Farm |
| 20:41 | Build | Farm |
| 20:41 | Build | Farm |
| 20:56 | Research | Double-Bit Axe |
| 21:14 | Create | Spearman |
| 21:15 | Create | Spearman |
| 21:29 | Create | Spearman |
| 21:30 | Create | Spearman |
| 21:48 | Build | Farm |
| 21:48 | Build | Farm |
| 21:49 | Build | Farm |
| 21:49 | Build | Farm |
| 21:49 | Build | Farm |
| 22:03 | Create | Demolition Raft |
| 22:31 | Build | Lumber Camp |
| 22:44 | Create | Spearman |
| 23:30 | Build | Stone Wall |
| 23:34 | Create | Villager (Male) |
| 23:35 | Create | Villager (Male) |
| 23:35 | Create | Villager (Male) |
| 23:35 | Create | Villager (Male) |
| 23:56 | Build | Blacksmith |
| 24:21 | Build | Palisade Wall |
| 24:30 | Research | Loom |
| 24:36 | Research | Castle Age |
| 25:17 | Research | Gold Mining |
| 25:30 | Create | Villager (Male) |
| 25:30 | Create | Villager (Male) |
| 25:32 | Research | Loom |
| 25:57 | Build | Stone Wall |
| 26:11 | Build | Stone Wall |
| 26:18 | Build | Stone Wall |
| 26:26 | Create | Villager (Male) |
| 26:26 | Create | Villager (Male) |
| 26:26 | Create | Villager (Male) |
| 26:53 | Build | Watch Tower |
| 27:49 | Build | Stone Wall |
| 28:05 | Build | Stone Wall |
| 28:46 | Build | Siege Workshop |
| 29:17 | Create | Mangonel |
| 29:30 | Create | Mangonel |
| 29:54 | Build | Stone Wall |
| 29:57 | Build | Stone Wall |
| 30:07 | Create | Monk |
| 30:50 | Create | Villager (Male) |
| 30:50 | Create | Villager (Male) |
| 30:50 | Create | Villager (Male) |
| 30:51 | Create | Villager (Male) |
| 30:53 | Research | Hand Cart |
| 31:12 | Create | Villager (Male) |
| 31:12 | Create | Villager (Male) |
| 33:29 | Build | Town Center |
| 33:38 | Create | Villager (Male) |
| 33:38 | Create | Villager (Male) |
Build order — Tau
First 150 of 483 actions detected
| 0:12 | Build | House |
| 0:49 | Build | House |
| 1:34 | Build | House |
| 2:08 | Build | Dock |
| 4:18 | Build | Town Center |
| 5:16 | Create | Villager (Male) |
| 5:43 | Create | Villager (Male) |
| 5:46 | Create | Villager (Male) |
| 6:08 | Create | Villager (Male) |
| 6:09 | Create | Villager (Male) |
| 6:09 | Create | Villager (Male) |
| 6:30 | Create | Villager (Male) |
| 6:30 | Create | Villager (Male) |
| 6:51 | Create | Villager (Male) |
| 7:40 | Create | Fishing Ship |
| 7:56 | Build | Mill |
| 8:17 | Create | Villager (Male) |
| 8:27 | Create | Villager (Male) |
| 9:02 | Create | Villager (Male) |
| 9:08 | Create | Fishing Ship |
| 9:13 | Create | Villager (Male) |
| 9:41 | Build | Palisade Wall |
| 9:45 | Create | Villager (Male) |
| 9:47 | Create | Fishing Ship |
| 10:13 | Research | Feudal Age |
| 10:13 | Research | Feudal Age |
| 11:04 | Build | Barracks |
| 11:20 | Create | Villager (Male) |
| 11:21 | Create | Villager (Male) |
| 11:23 | Create | Fishing Ship |
| 11:38 | Build | House |
| 11:51 | Research | Loom |
| 11:52 | Create | Villager (Male) |
| 12:32 | Build | Palisade Wall |
| 12:48 | Build | Stable |
| 13:22 | Create | Villager (Male) |
| 13:36 | Create | Villager (Male) |
| 13:37 | Create | Villager (Male) |
| 13:48 | Create | Scout Cavalry |
| 13:51 | Create | Scout Cavalry |
| 13:53 | Create | Villager (Male) |
| 14:14 | Build | Mining Camp |
| 14:29 | Build | Market |
| 14:33 | Create | Villager (Male) |
| 14:34 | Create | Villager (Male) |
| 14:44 | Build | Lumber Camp |
| 14:49 | Create | Villager (Male) |
| 15:02 | Build | House |
| 15:07 | Research | Double-Bit Axe |
| 15:54 | Build | House |
| 15:55 | Build | House |
| 15:57 | Create | Fishing Ship |
| 16:01 | Create | Villager (Male) |
| 16:08 | Build | Lumber Camp |
| 16:35 | Research | Castle Age |
| 16:36 | Research | Castle Age |
| 16:47 | Build | Mining Camp |
| 16:54 | Create | Fishing Ship |
| 17:25 | Create | Villager (Male) |
| 17:51 | Build | House |
| 17:52 | Build | House |
| 18:06 | Create | Scout Cavalry |
| 18:06 | Create | Scout Cavalry |
| 18:22 | Create | Scout Cavalry |
| 18:27 | Research | Gold Mining |
| 18:39 | Build | Farm |
| 18:39 | Build | Farm |
| 18:39 | Build | Farm |
| 18:39 | Build | Farm |
| 18:40 | Build | Farm |
| 18:50 | Build | Farm |
| 18:50 | Build | Farm |
| 18:50 | Build | Farm |
| 18:50 | Build | Farm |
| 18:53 | Create | Fishing Ship |
| 18:53 | Create | Fishing Ship |
| 19:31 | Create | Villager (Male) |
| 19:35 | Research | Wheelbarrow |
| 19:41 | Build | Farm |
| 19:41 | Build | Farm |
| 19:41 | Build | Farm |
| 19:42 | Build | Farm |
| 19:42 | Build | Farm |
| 19:48 | Create | Villager (Male) |
| 20:21 | Create | Knight |
| 20:21 | Create | Knight |
| 20:36 | Create | Villager (Male) |
| 20:36 | Create | Villager (Male) |
| 20:48 | Research | Bow Saw |
| 20:48 | Research | Bow Saw |
| 20:48 | Research | Bow Saw |
| 20:50 | Create | Villager (Male) |
| 20:52 | Create | Fishing Ship |
| 20:53 | Create | Fishing Ship |
| 20:57 | Build | House |
| 20:59 | Build | House |
| 21:00 | Build | House |
| 21:41 | Create | Villager (Male) |
| 21:41 | Create | Villager (Male) |
| 22:26 | Build | Town Center |
| 22:36 | Create | Villager (Male) |
| 22:36 | Create | Villager (Male) |
| 22:41 | Research | Hand Cart |
| 22:42 | Research | Town Watch |
| 23:02 | Build | Lumber Camp |
| 23:09 | Build | Mining Camp |
| 23:17 | Create | Villager (Male) |
| 23:17 | Create | Villager (Male) |
| 23:32 | Create | Villager (Male) |
| 23:48 | Create | Knight |
| 23:52 | Create | Knight |
| 23:54 | Create | Villager (Male) |
| 24:08 | Build | Lumber Camp |
| 24:57 | Create | Villager (Male) |
| 24:57 | Create | Villager (Male) |
| 24:59 | Create | Villager (Male) |
| 24:59 | Create | Villager (Male) |
| 25:10 | Research | Stone Mining |
| 25:11 | Research | Stone Mining |
| 25:13 | Create | Villager (Male) |
| 25:13 | Create | Villager (Male) |
| 25:21 | Build | Farm |
| 25:21 | Build | Farm |
| 25:22 | Build | Farm |
| 25:22 | Build | Farm |
| 25:22 | Build | Farm |
| 25:22 | Build | Farm |
| 25:22 | Build | Farm |
| 25:25 | Create | Villager (Male) |
| 25:25 | Create | Villager (Male) |
| 26:17 | Build | Lumber Camp |
| 26:38 | Create | Villager (Male) |
| 26:38 | Create | Villager (Male) |
| 26:51 | Research | Pikeman (upgrade) |
| 26:53 | Create | Spearman |
| 26:57 | Create | Spearman ×5 |
| 27:08 | Create | Villager (Male) |
| 27:08 | Create | Villager (Male) |
| 27:17 | Research | Stone Shaft Mining |
| 27:17 | Research | Stone Shaft Mining |
| 27:17 | Research | Stone Shaft Mining |
| 27:23 | Create | Villager (Male) |
| 27:23 | Create | Villager (Male) |
| 27:51 | Create | Villager (Male) |
| 27:51 | Create | Villager (Male) |
| 27:53 | Create | Villager (Male) |
| 28:28 | Create | Villager (Male) |
| 28:28 | Create | Villager (Male) |
| 28:34 | Create | Knight |
| 28:34 | Create | Knight |
Build order — Negev
First 150 of 328 actions detected
| 1:01 | Build | Dock |
| 2:00 | Build | Town Center |
| 2:24 | Create | Fishing Ship |
| 2:55 | Build | House |
| 3:17 | Create | Villager (Male) ×4 |
| 3:36 | Create | Fishing Ship |
| 3:37 | Create | Fishing Ship |
| 4:19 | Create | Villager (Male) |
| 4:25 | Create | Fishing Ship |
| 4:50 | Create | Villager (Male) |
| 4:53 | Create | Fishing Ship |
| 5:18 | Build | House |
| 5:30 | Research | Loom |
| 5:53 | Create | Fishing Ship |
| 5:58 | Create | Villager (Male) |
| 6:12 | Create | Villager (Male) |
| 6:16 | Create | Fishing Ship |
| 6:44 | Create | Villager (Male) |
| 6:49 | Create | Fishing Ship |
| 7:00 | Build | House |
| 7:34 | Create | Fishing Ship |
| 7:53 | Research | Feudal Age |
| 7:53 | Research | Feudal Age |
| 8:11 | Create | Fishing Ship |
| 8:45 | Create | Villager (Male) |
| 8:45 | Create | Villager (Male) |
| 8:59 | Build | House |
| 9:00 | Build | House |
| 9:01 | Build | House |
| 9:09 | Create | Fishing Ship |
| 9:18 | Create | Fishing Ship |
| 9:20 | Create | Fishing Ship |
| 9:56 | Build | Dock |
| 10:06 | Create | Villager (Male) |
| 10:15 | Research | Tech 906 |
| 10:15 | Create | Fishing Ship |
| 10:25 | Create | Villager (Male) |
| 10:31 | Research | Double-Bit Axe |
| 10:46 | Build | Blacksmith |
| 11:11 | Build | Mill |
| 11:18 | Create | Villager (Male) |
| 11:19 | Create | Villager (Male) |
| 11:27 | Build | Barracks |
| 11:33 | Create | Villager (Male) |
| 11:53 | Build | Lumber Camp |
| 12:02 | Create | Fishing Ship |
| 12:12 | Create | Fishing Ship |
| 12:19 | Create | Villager (Male) |
| 12:32 | Build | Market |
| 12:55 | Build | Mining Camp |
| 13:08 | Create | Fishing Ship |
| 13:10 | Create | Fishing Ship |
| 13:42 | Research | Castle Age |
| 14:31 | Create | Fishing Ship |
| 14:32 | Create | Fishing Ship |
| 14:44 | Create | Unit 2626 |
| 14:45 | Create | Unit 2626 |
| 15:00 | Research | Gold Mining |
| 15:28 | Create | Unit 2626 |
| 16:03 | Research | Fletching |
| 16:19 | Research | Wheelbarrow |
| 16:22 | Create | Villager (Male) |
| 16:22 | Create | Villager (Male) |
| 16:39 | Research | War Galley (upgrade) |
| 16:40 | Research | Gillnets |
| 17:10 | Build | University |
| 17:14 | Research | Bow Saw |
| 17:22 | Build | House |
| 17:23 | Build | House |
| 17:24 | Build | House |
| 17:32 | Build | House |
| 17:35 | Build | House |
| 17:35 | Build | House |
| 17:43 | Create | Fishing Ship |
| 18:00 | Research | Hand Cart |
| 18:02 | Research | Town Watch |
| 18:31 | Research | Tech 908 |
| 18:35 | Research | Careening |
| 18:51 | Create | Villager (Male) |
| 18:51 | Create | Villager (Male) |
| 19:49 | Create | Villager (Male) |
| 19:50 | Create | Villager (Male) |
| 19:53 | Research | Horse Collar |
| 19:59 | Build | Farm |
| 19:59 | Build | Farm |
| 19:59 | Build | Farm |
| 20:00 | Build | Farm |
| 20:01 | Build | Farm |
| 20:02 | Build | Farm |
| 20:03 | Build | Farm |
| 20:06 | Build | Farm |
| 20:06 | Build | Farm |
| 20:07 | Build | Farm |
| 20:08 | Build | Farm |
| 20:23 | Build | Dock |
| 21:20 | Build | Fish Trap |
| 21:22 | Build | Fish Trap |
| 21:24 | Build | Fish Trap |
| 21:28 | Build | Fish Trap |
| 21:33 | Build | Fish Trap |
| 22:01 | Research | Imperial Age |
| 22:01 | Research | Imperial Age |
| 22:12 | Build | Mining Camp |
| 22:30 | Research | Heavy Plow |
| 22:36 | Research | Stone Mining |
| 22:51 | Build | House |
| 22:52 | Build | House |
| 22:53 | Build | House |
| 22:54 | Build | House |
| 23:33 | Create | Trade Cog ×5 |
| 23:51 | Build | Fish Trap |
| 23:54 | Build | Fish Trap |
| 24:03 | Build | Fish Trap |
| 24:34 | Create | Villager (Male) ×5 |
| 25:11 | Research | Two-Man Saw |
| 25:15 | Create | Unit 1750 |
| 26:23 | Create | Unit 1750 |
| 28:05 | Research | Bodkin Arrow |
| 28:11 | Create | Unit 1750 |
| 28:18 | Create | Unit 1750 ×5 |
| 28:23 | Research | Chemistry |
| 28:43 | Research | Shipwright |
| 28:46 | Research | Tech 907 |
| 28:50 | Research | Dry Dock |
| 28:58 | Create | Villager (Male) ×5 |
| 29:07 | Build | Lumber Camp |
| 30:28 | Research | Guilds |
| 30:31 | Research | Elite Cannon Galleon (upgrade) |
| 30:58 | Create | Cannon Galleon |
| 31:22 | Create | Villager (Male) ×5 |
| 31:24 | Create | Villager (Male) ×5 |
| 31:33 | Build | Mining Camp |
| 32:03 | Create | Cannon Galleon |
| 32:18 | Research | Masonry |
| 32:22 | Research | Murder Holes |
| 32:30 | Build | Monastery |
| 32:33 | Build | House |
| 32:34 | Build | House |
| 32:35 | Build | House |
| 32:36 | Build | House |
| 32:37 | Build | House |
| 32:38 | Build | House |
| 32:43 | Build | Castle |
| 33:10 | Create | Cannon Galleon |
| 33:11 | Create | Cannon Galleon |
| 33:45 | Create | Villager (Male) ×5 |
| 33:45 | Create | Villager (Male) ×5 |
| 33:45 | Create | Villager (Male) ×5 |
| 34:03 | Create | Monk |
| 34:04 | Create | Monk |
Build order — philipestark
55 actions detected in the replay
| 0:39 | Build | Town Center |
| 1:31 | Build | Dock |
| 1:51 | Build | House |
| 2:41 | Build | House |
| 3:21 | Create | Villager (Male) |
| 4:25 | Create | Villager (Male) |
| 4:25 | Create | Villager (Male) |
| 5:25 | Build | Lumber Camp |
| 5:39 | Build | House |
| 5:44 | Create | Villager (Male) |
| 5:54 | Create | Fishing Ship |
| 6:44 | Create | Fishing Ship |
| 7:04 | Create | Fishing Ship |
| 7:14 | Create | Villager (Male) |
| 7:20 | Create | Villager (Male) |
| 7:40 | Create | Fishing Ship |
| 7:52 | Build | Outpost |
| 8:19 | Build | Mill |
| 8:38 | Create | Fishing Ship |
| 8:41 | Create | Fishing Ship |
| 9:12 | Build | House |
| 9:16 | Build | House |
| 9:54 | Create | Fishing Ship |
| 9:55 | Create | Fishing Ship |
| 10:41 | Build | Dock |
| 11:13 | Research | Feudal Age |
| 11:15 | Create | Villager (Male) |
| 11:29 | Build | Barracks |
| 12:21 | Build | House |
| 12:24 | Build | House |
| 12:32 | Build | House |
| 13:06 | Create | Villager (Male) |
| 13:06 | Create | Villager (Male) |
| 13:06 | Create | Villager (Male) |
| 13:07 | Create | Villager (Male) |
| 13:07 | Create | Villager (Male) |
| 13:08 | Create | Villager (Male) |
| 13:08 | Create | Villager (Male) |
| 13:30 | Build | Dock |
| 15:21 | Build | Blacksmith |
| 15:46 | Build | Watch Tower |
| 16:31 | Build | Farm |
| 16:58 | Build | Lumber Camp |
| 18:26 | Research | Wheelbarrow |
| 18:27 | Research | Town Watch |
| 18:28 | Create | Villager (Male) |
| 18:29 | Create | Villager (Male) |
| 19:08 | Create | Unit 2626 |
| 19:10 | Create | Unit 2626 |
| 19:12 | Create | Unit 2626 |
| 21:20 | Build | Barracks |
| 21:54 | Build | Market |
| 22:16 | Create | Transport Ship |
| 22:18 | Create | Transport Ship |
| 23:51 | Research | Castle Age |
Build order — GeeODee
First 150 of 242 actions detected
| 4:30 | Build | Town Center |
| 4:45 | Build | House |
| 5:16 | Build | House |
| 6:16 | Build | Settlement |
| 6:21 | Create | Villager (Male) ×4 |
| 6:39 | Create | Villager (Male) |
| 6:39 | Create | Villager (Male) |
| 6:56 | Create | Villager (Male) |
| 6:56 | Create | Villager (Male) |
| 9:04 | Build | Settlement |
| 9:09 | Create | Villager (Male) |
| 9:09 | Create | Villager (Male) |
| 9:25 | Build | House |
| 10:31 | Build | Barracks |
| 11:38 | Research | Feudal Age |
| 11:40 | Research | Loom |
| 11:41 | Create | Villager (Male) |
| 11:42 | Create | Villager (Male) |
| 11:55 | Create | Unit 2550 |
| 13:16 | Build | Settlement |
| 14:16 | Create | Villager (Male) |
| 14:44 | Create | Villager (Male) |
| 14:45 | Create | Villager (Male) |
| 14:49 | Create | Villager (Male) |
| 14:56 | Create | Villager (Male) |
| 15:45 | Create | Villager (Male) |
| 15:45 | Create | Villager (Male) |
| 15:50 | Create | Villager (Male) |
| 16:18 | Build | Blacksmith |
| 16:25 | Build | Archery Range |
| 17:04 | Create | Villager (Male) |
| 17:50 | Create | Villager (Male) |
| 17:53 | Create | Villager (Male) |
| 18:32 | Research | Castle Age |
| 18:54 | Research | Double-Bit Axe |
| 19:04 | Research | Horse Collar |
| 19:44 | Research | Gold Mining |
| 20:04 | Research | Fletching |
| 20:05 | Research | Padded Archer Armor |
| 20:38 | Research | Stone Mining |
| 21:35 | Build | Castle |
| 21:40 | Research | Bodkin Arrow |
| 22:13 | Build | Farm |
| 22:14 | Build | Farm |
| 22:15 | Build | Farm |
| 22:32 | Create | Villager (Male) |
| 22:32 | Create | Villager (Male) |
| 22:53 | Build | Farm |
| 22:53 | Build | Farm |
| 22:54 | Build | Farm |
| 22:55 | Build | Farm |
| 23:18 | Build | Farm |
| 23:29 | Create | Villager (Male) |
| 24:14 | Create | Unit 2579 ×5 |
| 24:15 | Create | Unit 2579 ×2 |
| 24:16 | Create | Unit 2579 ×2 |
| 24:40 | Create | Villager (Male) ×3 |
| 25:07 | Build | House |
| 25:28 | Create | Unit 2579 ×5 |
| 25:29 | Create | Unit 2579 ×5 |
| 25:29 | Create | Unit 2579 |
| 25:47 | Create | Villager (Male) ×2 |
| 26:54 | Research | Bow Saw |
| 27:36 | Create | Villager (Male) ×3 |
| 27:59 | Build | Town Center |
| 28:23 | Create | Monk |
| 28:48 | Research | Leather Archer Armor |
| 28:55 | Build | University |
| 29:31 | Create | Unit 2579 ×5 |
| 29:37 | Create | Villager (Male) ×3 |
| 29:37 | Create | Villager (Male) ×3 |
| 29:50 | Build | Farm |
| 29:51 | Build | Farm |
| 29:51 | Build | Farm |
| 29:51 | Build | Farm |
| 29:53 | Build | Farm |
| 30:22 | Research | Ballistics |
| 32:06 | Research | Wheelbarrow |
| 32:08 | Research | Town Watch |
| 32:13 | Build | Farm |
| 33:25 | Create | Petard ×5 |
| 34:05 | Create | Unit 2582 ×5 |
| 34:14 | Build | House |
| 34:15 | Build | House |
| 34:56 | Build | Siege Workshop |
| 36:18 | Create | Battering Ram |
| 36:18 | Create | Battering Ram |
| 36:25 | Build | House |
| 36:25 | Build | House |
| 36:25 | Build | House |
| 36:26 | Build | House |
| 36:26 | Build | House |
| 36:26 | Build | House |
| 36:28 | Build | House |
| 41:23 | Build | Town Center |
| 44:33 | Research | Imperial Age |
| 44:34 | Research | Hand Cart |
| 44:51 | Create | Villager (Male) ×3 |
| 45:05 | Build | Town Center |
| 45:47 | Build | Farm |
| 45:48 | Build | Farm |
| 45:49 | Build | Farm |
| 45:53 | Build | Farm |
| 45:56 | Build | Farm |
| 47:51 | Build | Settlement |
| 48:12 | Research | Town Patrol |
| 48:55 | Build | Market |
| 50:03 | Research | Two-Man Saw |
| 50:03 | Research | Heavy Plow |
| 50:04 | Research | Gold Shaft Mining |
| 50:55 | Build | Town Center |
| 51:06 | Build | Farm |
| 51:07 | Build | Farm |
| 51:07 | Build | Farm |
| 51:08 | Build | Farm |
| 51:09 | Build | Farm |
| 51:39 | Create | Villager (Male) ×5 |
| 54:59 | Build | Castle |
| 56:31 | Build | Farm |
| 56:32 | Build | Farm |
| 56:32 | Build | Farm |
| 56:32 | Build | Farm |
| 56:33 | Build | Farm |
| 56:33 | Build | Farm |
| 56:33 | Build | Farm |
| 56:33 | Build | Farm |
| 56:34 | Build | Farm |
| 56:46 | Create | Villager (Male) ×5 |
| 56:46 | Create | Villager (Male) ×5 |
| 56:53 | Research | Tech 1389 |
| 57:00 | Research | Conscription |
| 57:03 | Create | Unit 2579 ×5 |
| 57:04 | Create | Unit 2579 ×5 |
| 57:04 | Create | Unit 2579 ×5 |
| 57:04 | Create | Unit 2579 ×3 |
| 57:20 | Build | Blacksmith |
| 58:00 | Build | Farm |
| 58:06 | Research | Bracer |
| 58:06 | Research | Ring Archer Armor |
| 58:19 | Build | Archery Range |
| 59:24 | Build | Farm |
| 59:25 | Build | Farm |
| 59:25 | Build | Farm |
| 59:26 | Build | Farm |
| 59:28 | Build | Farm |
| 59:49 | Research | Tech 1393 |
| 59:59 | Create | Unit 2579 ×5 |
| 59:59 | Create | Unit 2579 ×5 |
| 59:59 | Create | Unit 2579 ×3 |
| 61:46 | Build | Farm |
Match timeline
| 1:01 | Negev · first_building Dock |
| 1:31 | philipestark · first_building Dock |
| 1:54 | superpandaby · first_building Dock |
| 2:08 | Tau · first_building Dock |
| 7:19 | Zalehov9 · first_building Barracks |
| 7:47 | Jaereg · first_building Dock |
| 9:41 | Tau · wall_segment Palisade Wall x7 |
| 10:31 | GeeODee · first_building Barracks |
| 11:04 | Tau · first_building Barracks |
| 11:27 | Negev · first_building Barracks |
| 11:29 | philipestark · first_building Barracks |
| 11:40 | Zalehov9 · wall_segment Palisade Wall x13 |
| 12:18 | superpandaby · first_building Barracks |
| 12:32 | Tau · wall_segment Palisade Wall x4 |
| 12:32 | SkilzDatKilz845 · first_building Barracks |
| 12:48 | Tau · first_building Stable |
| 13:39 | Negev · first_market_sell 100 food |
| 13:50 | Zalehov9 · first_building Dock |
| 16:13 | superpandaby · first_building Stable |
| 16:25 | GeeODee · first_building Archery Range |
| 16:31 | Tau · first_market_sell 100 stone |
| 19:50 | Jaereg · first_building Barracks |
| 20:58 | superpandaby · first_building Krepost |
| 21:35 | GeeODee · first_building Castle |
| 23:04 | SkilzDatKilz845 · wall_segment Stone Wall x18 |
| 23:30 | Jaereg · wall_segment Stone Wall x5 |
| 23:38 | Zalehov9 · first_market_sell 500 wood |
| 23:38 | philipestark · first_market_sell 100 wood |
| 23:40 | Zalehov9 · first_market_buy 100 stone |
| 23:43 | Jaereg · first_market_sell 100 wood |
| 24:21 | Jaereg · wall_segment Palisade Wall x2 |
| 25:57 | Jaereg · wall_segment Stone Wall x1 |
| 26:11 | Jaereg · wall_segment Stone Wall x1 |
| 26:18 | Jaereg · wall_segment Stone Wall x4 |
| 26:43 | SkilzDatKilz845 · wall_segment Stone Wall x4 |
| 26:47 | SkilzDatKilz845 · wall_segment Stone Wall x7 |
| 26:49 | philipestark · resign |
| 27:10 | superpandaby · first_building Castle |
| 27:49 | Jaereg · wall_segment Stone Wall x8 |
| 27:57 | Jaereg · first_market_buy 100 stone |
| 28:05 | Jaereg · wall_segment Stone Wall x4 |
| 28:27 | SkilzDatKilz845 · first_building Archery Range |
| 28:46 | Jaereg · first_building Siege Workshop |
| 29:46 | SkilzDatKilz845 · first_market_sell 100 food |
| 29:54 | Jaereg · wall_segment Stone Wall x2 |
| 29:57 | Jaereg · wall_segment Stone Wall x3 |
| 30:16 | Zalehov9 · first_building Siege Workshop |
| 31:54 | Tau · first_building Archery Range |
| 32:02 | Tau · first_building Siege Workshop |
| 32:25 | Zalehov9 · first_building Castle |
| 32:30 | Negev · first_building Monastery |
| 32:43 | Negev · first_building Castle |
| 33:19 | Tau · first_building Monastery |
| 33:47 | Tau · first_market_buy 100 stone |
| 33:51 | SkilzDatKilz845 · first_building Castle |
| 34:04 | Tau · first_building Castle |
| 34:56 | GeeODee · first_building Siege Workshop |
| 36:45 | Zalehov9 · first_building Monastery |
| 42:38 | SkilzDatKilz845 · first_building Siege Workshop |
| 42:53 | Zalehov9 · wall_segment Stone Wall x10 |
| 43:00 | Zalehov9 · wall_segment Stone Wall x7 |
| 46:57 | Negev · tribute_sent a jugador 1 |
| 46:57 | Negev · tribute_sent a jugador 2 |
| 46:57 | Negev · tribute_sent a jugador 3 |
| 46:57 | Negev · tribute_sent a jugador 4 |
| 46:57 | Negev · tribute_sent a jugador 5 |
| 46:57 | Negev · tribute_sent a jugador 7 |
| 46:57 | Negev · tribute_sent a jugador 8 |
| 47:12 | Negev · tribute_sent a jugador 1 |
| 47:12 | Negev · tribute_sent a jugador 2 |
| 47:12 | Negev · tribute_sent a jugador 3 |
| 47:12 | Negev · tribute_sent a jugador 4 |
| 47:12 | Negev · tribute_sent a jugador 5 |
| 47:12 | Negev · tribute_sent a jugador 7 |
| 47:12 | Negev · tribute_sent a jugador 8 |
| 50:48 | Negev · first_building Archery Range |
| 51:27 | Tau · wall_segment Stone Wall x6 |
| 51:40 | Tau · wall_segment Stone Wall x10 |
| 51:53 | Tau · wall_segment Stone Wall x4 |
| 54:53 | GeeODee · first_market_buy 500 stone |
| 56:13 | Jaereg · first_building Monastery |
| 62:44 | GeeODee · first_market_sell 500 wood |
| 64:17 | SkilzDatKilz845 · wall_segment Stone Wall x12 |
| 64:29 | SkilzDatKilz845 · wall_segment Stone Wall x6 |
| 66:15 | Jaereg · tribute_sent a jugador 1 |
| 66:15 | Jaereg · tribute_sent a jugador 2 |
| 66:15 | Jaereg · tribute_sent a jugador 4 |
| 66:15 | Jaereg · tribute_sent a jugador 5 |
| 66:15 | Jaereg · tribute_sent a jugador 6 |
| 66:15 | Jaereg · tribute_sent a jugador 7 |
| 66:15 | Jaereg · tribute_sent a jugador 8 |
| 67:58 | Jaereg · tribute_sent a jugador 1 |
| 67:58 | Jaereg · tribute_sent a jugador 2 |
| 67:58 | Jaereg · tribute_sent a jugador 4 |
| 67:58 | Jaereg · tribute_sent a jugador 5 |
| 67:58 | Jaereg · tribute_sent a jugador 6 |
| 67:58 | Jaereg · tribute_sent a jugador 7 |
| 67:58 | Jaereg · tribute_sent a jugador 8 |
| 68:05 | Jaereg · tribute_sent a jugador 1 |
| 68:05 | Jaereg · tribute_sent a jugador 2 |
| 68:05 | Jaereg · tribute_sent a jugador 4 |
| 68:05 | Jaereg · tribute_sent a jugador 5 |
| 68:05 | Jaereg · tribute_sent a jugador 6 |
| 68:05 | Jaereg · tribute_sent a jugador 7 |
| 68:05 | Jaereg · tribute_sent a jugador 8 |
| 68:11 | Jaereg · tribute_sent a jugador 1 |
| 68:11 | Jaereg · tribute_sent a jugador 2 |
| 68:11 | Jaereg · tribute_sent a jugador 4 |
| 68:11 | Jaereg · tribute_sent a jugador 5 |
| 68:11 | Jaereg · tribute_sent a jugador 6 |
| 68:11 | Jaereg · tribute_sent a jugador 7 |
| 68:11 | Jaereg · tribute_sent a jugador 8 |
| 70:04 | SkilzDatKilz845 · wall_segment Stone Wall x10 |
| 71:21 | Negev · first_building Siege Workshop |
| 71:45 | Jaereg · wall_segment Stone Wall x7 |
| 71:50 | SkilzDatKilz845 · wall_segment Stone Wall x21 |
| 71:51 | Jaereg · wall_segment Stone Wall x6 |
| 71:53 | Jaereg · wall_segment Stone Wall x1 |
| 72:55 | superpandaby · first_market_sell 100 stone |
| 76:45 | Jaereg · tribute_sent a jugador 1 |
| 76:45 | Jaereg · tribute_sent a jugador 2 |
| 76:45 | Jaereg · tribute_sent a jugador 4 |
| 76:45 | Jaereg · tribute_sent a jugador 5 |
| 76:45 | Jaereg · tribute_sent a jugador 6 |
| 76:45 | Jaereg · tribute_sent a jugador 7 |
| 76:45 | Jaereg · tribute_sent a jugador 8 |
[ AI ANALYSIS · 1 CREDIT ]
What really happened in this match?
Wolo.gg analyzes every decision: build order, eco, micro, common mistakes by bracket. Personalized analysis on WhatsApp or Discord in 30 seconds.
Civ guide
Shu
Map guide
Pilgrims
Perfil
SkilzDatKilz845